 Dungeon Crawl Stone Soup version 0.28-a0-1447-ga5a8893891 (webtiles) character file.

Game seed: 777743404058330367

5 bladeefan the Skirmisher (level 1, 0/18 HPs)
             Began as a Demonspawn Fighter on Jan 11, 2022.
             Succumbed to Sigmund's poison
             ... on level 2 of the Dungeon.
             The game lasted 00:00:41 (390 turns).

bladeefan the Skirmisher (Demonspawn Fighter)        Turns: 390, Time: 00:00:42

Health: 0/18       AC:  6    Str: 16    XL:     1   Next: 66%
Magic:  1/1        EV:  8    Int:  9    God:
Gold:   17         SH:  4    Dex: 12    Spells: 0/0 levels left

rFire   . . .      SeeInvis .   a - +0 flail
rCold   . . .      Faith    .   c - +0 buckler
rNeg    . . .      Spirit   .   b - +0 scale mail
rPois   .          Reflect  .   (no helmet)
rElec   .          Harm     .   (no cloak)
rCorr   .          Rampage  .   (no gloves)
Will    .....                   (no boots)
Stlth   ..........              (no amulet)
HPRegen 0.06/turn               (no ring)
MPRegen 0.07/turn               (no ring)

@: mighty, lethally poisoned (0 -> -13), slowed, very slow
A: no striking features
a: no special abilities


You were on level 2 of the Dungeon.
You visited 1 branch of the dungeon, and saw 2 of its levels.

You collected 17 gold pieces.

Inventory:

Hand Weapons
 a - a +0 flail (weapon)
Armour
 b - a +0 scale mail (worn)
 c - a +0 buckler (worn)
Potions
 e - a potion of invisibility {unknown}


   Skills:
 * Level 3.2 Fighting
 + Level 1.9 Maces & Flails
 + Level 2.8 Armour
 - Level 2.6 Shields


You couldn't memorise any spells.
You didn't know any spells.
Your spell library was empty.

Dungeon Overview and Level Annotations

Branches:
Dungeon (1/15)

Altars:

Annotations:
D:2 Natasha, Sigmund


Message History

No target in view!
No target in view!
Natasha and Sigmund come into view.
Sigmund is wielding a +1 scythe of venom and carrying a wand of flame (13).
Natasha hisses angrily.
Sigmund shouts!
Sigmund casts a spell at you. The magic dart hits you.
Found a stone staircase leading down.
Natasha drinks a potion.
Natasha's spells are empowered!
Natasha stares at you and mumbles some strange words.
You feel yourself slow down. Sigmund asks, "Do you like me?"
You open the door.
Natasha seems less brilliant.
Natasha stares at you and mumbles some strange words.
You feel as though you will be slow longer.
Natasha closely misses you.
There is an open door here.
Natasha drinks a potion.
Natasha's spells are empowered!
Natasha casts a spell at you.
You feel as though you will be slow longer.
Unknown command.
Unknown command.
You close the door.
Natasha breaks down the door.
You open the door.
A bat comes into view.
Natasha wildly gestures.
Natasha shimmers violently.
The bat completely misses you. Natasha claws you.
The bat hits you but does no damage.
You closely miss the bat. The bat hits you but does no damage. x2
Sigmund mumbles some strange words.
Sigmund flickers and vanishes!
Deactivating autopickup; reactivate with Ctrl-A.
Natasha barely misses you. x2
You block the bat's attack.
Natasha casts a spell.
The bat barely misses you.
There is an open door here.
You feel very mighty all of a sudden. The bat closely misses you.
Natasha casts a spell at you.
You feel as though you will be slow longer.
Something hits you!
Ouch! That really hurt!
* * * LOW HITPOINT WARNING * * *
You are lethally poisoned!
The crimson imp hits you but does no damage.
Natasha casts a spell.
You sock Natasha!
You die...

.. #.# #.##.#
.###########..#.#
...........##.#.#
#........##...#
#.....5.......#
#.###'######..#
#h# ##.## #@#
#..# #..b.5.#
##.# #......# #h#
#........# #.#
#.#......# #.# #
#......# ####.##
..#...## #.....#
####...# #..h#.#
#...#...


You could see Natasha (empowered), 2 crimson imps and a bat.

Vanquished Creatures
  2 endoplasms (D:1)
  A giant cockroach (D:1)
  A frilled lizard (D:1)
  A rat (D:1)
5 creatures vanquished.

Notes
Turn   | Place    | Note
-------+----------+-------------------------------------------
     0 | D:1      | bladeefan the Demonspawn Fighter began the quest for the
                  | Orb.
     0 | D:1      | Reached XP level 1. HP: 18/18 MP: 1/1
   364 | D:1      | You fall into a shaft and drop 1 floor!
   365 | D:2      | Noticed Natasha
   365 | D:2      | Noticed Sigmund
   389 | D:2      | Noticed a crimson imp
   390 | D:2      | Noticed a crimson imp
   390 | D:2      | Succumbed to Sigmund's poison

Illustrated notes

Levels and vault maps discovered:
D:1:      lightli_arrival_isolated_outpost, layout_basic,
          minmay_rat_gold_closets
D:2:      layout_basic, uniq_natasha, uniq_sigmund

Action                   || total
-------------------------++-------
Melee: Flail             ||    18
  Use: Potion            ||     1
Armor: Scale mail        ||     9
Dodge: Dodged            ||     9
Block: Buckler           ||     3

Table legend: (Time is in decaauts)
 A = Elapsed time spent in this place.
 B = Non-inter-level travel time spent in this place.
 C = Inter-level travel time spent in this place.
 D = Time resting spent in this place.
 E = Time spent auto-exploring this place.
 F = Levels seen in this place.
 G = Mean time per level.
                   A        B        C        D        E       F      G
               +--------+--------+--------+--------+--------+-----+--------+
         Total |    403 |    403 |      0 |    275 |     49 |   2 |  201.5 |
       Dungeon |    403 |    403 |      0 |    275 |     49 |   2 |  201.5 |
               +--------+--------+--------+--------+--------+-----+--------+

Top non-repeatable levels by time:
     D:1: 370 daAuts
     D:2: 32 daAuts
